 Dungeon Crawl Stone Soup version 0.21.1-1-g345015fe64 (webtiles) character file.

63 Peloso the Skirmisher (level 3, 0/33 HPs)
             Began as a Minotaur Fighter on Feb 8, 2018.
             Slain by an orc priest
             ... wielding a +0 flail
              (8 damage)
             ... on level 3 of the Dungeon.
             The game lasted 00:02:34 (1654 turns).

Peloso the Skirmisher (Minotaur Fighter)            Turns: 1654, Time: 00:02:37

Health: 0/33       AC:  7    Str: 20    XL:     3   Next: 87%
Magic:  2/2        EV:  7    Int:  5    God:
Gold:   160        SH:  9    Dex: 10    Spells: 2/2 levels left

rFire    . . .     SeeInvis .   a - +0 long sword
rCold    . . .     Gourm    .   c - +0 shield
rNeg     . . .     Faith    .   b - +0 scale mail
rPois    .         Spirit   .   (helmet restricted)
rElec    .         Reflect  .   (no cloak)
rCorr    .         Harm     .   (no gloves)
MR       .....                  (no boots)
Stlth    ..........             (no amulet)
HPRegen  0.11/turn              (no ring)
MPRegen  0.08/turn              (no ring)

@: no status effects
A: retaliatory headbutt, horns 2
a: no special abilities


You were on level 3 of the Dungeon.
You were not hungry.

You visited 1 branch of the dungeon, and saw 3 of its levels.

You collected 160 gold pieces.

Inventory:

Hand Weapons
 a - a +0 long sword (weapon)
 n - a +1 vampiric spear
Armour
 b - a +0 scale mail (worn)
 c - a +0 shield (worn)
Scrolls
 e - a scroll of amnesia {unknown}
 h - a scroll of immolation {unknown}
 k - a scroll of magic mapping {unknown}
 m - 2 scrolls of teleportation {unknown}
 o - 2 scrolls of identify {unknown}
Potions
 d - a potion of might
 g - 2 potions of curing {unknown}
 i - a potion of brilliance {unknown}
 j - a potion of mutation {unknown}
 l - a potion of heal wounds {unknown}
Comestibles
 f - 7 rations
 p - a chunk of flesh


   Skills:
 + Level 4.2 Fighting
 + Level 3.7 Long Blades
 + Level 4.1 Armour
 + Level 0.2 Dodging
 + Level 4.1 Shields


You had 2 spell levels left.
You didn't know any spells.

Dungeon Overview and Level Annotations

Branches:
Dungeon (3/15)

Altars:
Qazlal
Xom
Zin


Innate Abilities, Weirdness & Mutations

You reflexively headbutt those who attack you in melee.
You have a pair of horns on your head.


Message History

Beogh smites you! You block the orc's attack.
You hear a shout!
Your shield and scale mail prevent you from hitting the orc.
The orc is heavily wounded.
The orc priest miscasts a cantrip.
You slash the orc!
You kill the orc!
You block the orc's attack.
Unknown command.
You slash the orc priest! Your headbutt misses the orc priest.
The orc priest is severely wounded.
The orc hits you with a mace. The orc priest hits you with a flail.
The orc hits you with a mace.
You barely miss the orc priest.
The orc priest is severely wounded.
The orc priest invokes the aid of Beogh against you.
Beogh smites you!
* * * LOW HITPOINT WARNING * * *
The orc barely misses you. The orc priest hits you with a flail!
You die...

#####?#+#....# #.##.#
.............# ##.########
.....$...)#### #..........
..........+.## .###########
..........#..####......#.....#
.................o.........>..
........####...##..# .####..#
........# ###o### #..#
........# #§@o.§# #..#
....##... #.....# #..# ###+
#... ...._...... #..#
#...###.....#..#.#####..#
#...# #....§##..........#
###.### ...######.# #..
..#......# .. #.###### #.#


You could see an orc priest and an orc.

Vanquished Creatures
  A gnoll (D:1)
  2 adders
  A worm (D:2)
  A leopard gecko (D:2)
  An orc (D:3)
  A giant cockroach (D:2)
  2 goblins (D:1)
  6 hobgoblins
  4 kobolds
  A quokka (D:2)
  4 bats
  2 frilled lizards (D:1)
  3 rats (D:1)
29 creatures vanquished.

Notes
Turn   | Place    | Note
-------+----------+-------------------------------------------
     0 | D:1      | Peloso the Minotaur Fighter began the quest for the Orb.
     0 | D:1      | Reached XP level 1. HP: 19/19 MP: 0/0
    51 | D:1      | Reached XP level 2. HP: 27/27 MP: 1/1
   697 | D:2      | Reached XP level 3. HP: 30/33 MP: 2/2
   911 | D:2      | Found a glowing silver altar of Zin.
   913 | D:2      | Noticed an angel
   916 | D:2      | Found a shimmering altar of Xom.
  1645 | D:3      | Found a stormy altar of Qazlal.
  1654 | D:3      | Slain by an orc priest

Skill      XL: |  1  2  3 |
---------------+----------+-----
Fighting       | 4 |  4.2
Armour         | 4 |  4.1
Shields        | 4 |  4.1
Long Blades    | 3 |  3.7
Dodging        | |  0.2

Action                   || total
-------------------------++-------
Melee: Long sword        ||    70
       Headbutt          ||     7
  Eat: Ration            ||     1
Armor: Scale mail        ||    21
Dodge: Dodged            ||    19
Block: Shield            ||    37
       Rpst.: Long sword ||     5
